Map: Berlingrad LE

Players

Pumba - Winner!

  • Race: Protoss Protoss
  • League: Diamond
  • Spawn Location: 11:00

wicky

  • Race: Terran Terran
  • League: Diamond
  • Spawn Location: 5:00

VOD

Have the link to the VOD?

Description

Time

  • Played on: March 8, 2022, 9:02 p.m.
  • Length: 11:09
Show
View Real Time Build Order
Export as new Build Order

Pumba Protoss - Winner!

Build Orders: 1 Gate Expand 

Get SALT Encoding   

  12  0:00  Probe  
  13  0:12  Probe  
  14  0:17  Pylon  
  14  0:25  Probe  
  15  0:37  Probe (Chrono Boost)  
  15  0:38  Gateway  
  16  0:46  Probe (Chrono Boost), Assimilator  
  17  0:51  Probe (Chrono Boost)  
  18  1:03  Probe  
  19  1:16  Probe  
  20  1:22  Nexus  
  20  1:33  Cybernetics Core  
  20  1:34  Probe  
  21  1:58  Assimilator, Pylon  
  21  2:00  Probe  
  22  2:12  Probe  
  22  2:13  Adept (Chrono Boost), Warp Gate  
  25  2:24  Probe  
  26  2:36  Probe  
  27  2:44  Probe (Chrono Boost)  
  27  2:46  Robotics Facility  
  27  2:49  Probe (Chrono Boost)  
  28  2:52  Stalker  
  28  2:56  Probe (Chrono Boost)  
  32  2:59  Probe (Chrono Boost)  
  32  3:01  Probe (Chrono Boost)  
  32  3:03  Gateway x2  
  32  3:04  Probe (Chrono Boost)  
  33  3:10  Probe (Chrono Boost)  
  36  3:21  Probe (Chrono Boost)  
  36  3:22  Probe (Chrono Boost)  
  37  3:27  Probe (Chrono Boost)  
  37  3:29  Probe (Chrono Boost)  
  37  3:32  Pylon  
  39  3:34  Pylon  
  39  3:38  Robotics Bay  
  39  3:40  Probe  
  40  3:45  Observer (Chrono Boost)  
  40  3:48  Probe  
  42  3:50  Assimilator  
  42  3:52  Probe, Assimilator  
  43  3:58  Warp Prism (Chrono Boost)  
  43  4:00  Probe  
  46  4:04  Probe  
  46  4:08  Stalker  
  49  4:10  Stalker  
  49  4:12  Probe (Chrono Boost)  
  49  4:14  Stalker  
  55  4:21  Probe (Chrono Boost)  
  56  4:24  Probe (Chrono Boost)  
  56  4:30  Pylon  
  56  4:31  Probe x2 (Chrono Boost)  
  57  4:32  Disruptor  
  61  4:38  Pylon  
  61  4:47  Observer  
  61  4:57  Gravitic Drive (Chrono Boost), Probe  
  62  5:02  Probe  
  62  5:03  Nexus  
  62  5:06  Pylon  
  63  5:07  Disruptor  
  64  5:16  Stalker x2  
  65  5:31  Probe (Chrono Boost)  
  66  5:37  Observer  
  66  5:41  Probe (Chrono Boost)  
  68  5:43  Probe (Chrono Boost)  
  68  5:48  Disruptor, Probe (Chrono Boost)  
  68  5:49  Probe (Chrono Boost)  
  73  6:02  Probe x2  
  75  6:05  Pylon  
  75  6:07  Observer  
  75  6:11  Twilight Council  
  75  6:14  Forge  
  75  6:15  Pylon  
  75  6:20  Gateway  
  75  6:21  Gateway  
  75  6:24  Gateway  
  75  6:26  Robotics Facility  
  75  6:33  Disruptor (Chrono Boost), Stalker x2  
  75  6:38  Probe x3  
  85  6:41  Shield Battery  
  85  6:43  Shield Battery, Pylon  
  85  6:50  Probe x2  
  86  6:59  Probe  
  87  7:02  Observer, Probe  
  87  7:03  Protoss Ground Weapons Level 1 (Chrono Boost)  
  87  7:04  Blink (Chrono Boost)  
  87  7:07  Probe  
  90  7:12  Probe  
  91  7:18  Stalker  
  91  7:19  Stalker x2  
  91  7:21  Pylon  
  97  7:23  Observer  
  98  7:32  Pylon  
  98  7:33  Pylon  
  98  7:38  Probe x2  
  98  7:40  Assimilator  
  100  7:44  Disruptor x2, Assimilator  
  100  7:47  Pylon  
  106  7:54  Probe x2  
  108  7:59  Stalker x5  
  118  8:08  Probe x2  
  118  8:09  Probe  
  118  8:12  Photon Cannon  
  121  8:15  Photon Cannon  
  119  8:20  Observer  
  119  8:21  Observer  
  121  8:38  Charge  
  115  8:42  Disruptor  
  115  8:47  Stalker x3  
  115  8:48  Stalker x3  
  130  8:56  Gateway  
  130  8:57  Gateway  
  130  8:59  Forge  
  130  9:10  Nexus  
  130  9:11  Pylon  
  130  9:15  Protoss Ground Armor Level 1 (Chrono Boost)  
  130  9:18  Observer  
  130  9:20  Observer  
  130  9:31  Zealot x6  
  136  10:00  Disruptor x2  
  142  10:23  Zealot x4, Stalker x4  
Show
View Real Time Build Order
Export as new Build Order

wicky Terran 

Build Orders: Liberator Opening, Reaper Expand 

Get SALT Encoding   

  12  0:00  SCV  
  13  0:12  SCV  
  14  0:17  Supply Depot  
  14  0:24  SCV  
  15  0:39  SCV  
  15  0:40  Barracks  
  16  0:44  Refinery  
  16  0:51  SCV  
  17  1:03  SCV  
  18  1:15  SCV  
  19  1:27  Reaper  
  19  1:28  Orbital Command  
  20  1:50  Command Center  
  20  1:54  SCV  
  20  1:58  Supply Depot  
  20  1:59  Marine  
  22  2:03  Bunker  
  22  2:06  SCV  
  23  2:15  Factory  
  23  2:19  Marine  
  24  2:24  Refinery  
  24  2:26  SCV  
  25  2:42  SCV  
  25  2:47  Barracks Reactor  
  25  2:54  SCV  
  26  2:58  Barracks  
  26  2:59  Factory Tech Lab, Starport  
  26  3:06  SCV  
  26  3:09  Orbital Command  
  27  3:18  SCV  
  28  3:21  Cyclone  
  31  3:27  Marine x2  
  31  3:30  SCV  
  34  3:37  SCV  
  34  3:41  Refinery  
  35  3:42  SCV  
  35  3:46  Liberator  
  39  3:48  Marine  
  39  3:49  SCV  
  39  3:55  SCV  
  42  3:57  Supply Depot  
  42  3:59  Barracks Tech Lab  
  42  4:01  SCV  
  43  4:07  SCV  
  44  4:13  Supply Depot, SCV  
  44  4:14  Engineering Bay  
  45  4:19  SCV, Stimpack  
  45  4:20  Marine  
  47  4:25  Siege Tank  
  47  4:26  SCV  
  47  4:31  SCV  
  52  4:39  SCV  
  52  4:40  Refinery  
  52  4:41  Terran Infantry Weapons Level 1  
  52  4:43  SCV, Marine  
  52  4:44  Marine  
  56  4:51  SCV  
  57  4:55  SCV  
  57  4:57  Siege Tank  
  61  5:03  SCV  
  62  5:08  Supply Depot  
  62  5:15  Starport Reactor  
  62  5:22  Barracks  
  62  5:23  Barracks  
  62  5:25  Supply Depot  
  62  5:27  Supply Depot  
  62  5:29  Marine  
  62  5:30  SCV x2, Marauder, Marine  
  65  5:36  Supply Depot  
  65  5:37  Supply Depot  
  65  5:42  Siege Tank  
  68  5:44  SCV x2  
  68  5:47  Marine  
  71  5:51  Marine  
  71  5:54  Medivac  
  71  5:55  Medivac  
  69  5:59  Combat Shield  
  69  6:02  SCV x2  
  71  6:07  Marine  
  71  6:09  Marauder  
  74  6:14  SCV  
  75  6:19  Marine  
  75  6:24  Medivac  
  78  6:26  Barracks Tech Lab  
  78  6:27  Barracks Reactor  
  78  6:35  Missile Turret, Terran Infantry Armor Level 1, Marauder, Marine  
  78  6:37  Marine  
  82  6:51  Concussive Shells  
  82  6:52  Marauder  
  82  6:53  Marine  
  85  6:54  Marine  
  85  7:00  Viking  
  85  7:01  Marauder  
  78  7:10  Marine  
  78  7:12  Marine  
  80  7:16  Command Center  
  80  7:18  SCV x2  
  82  7:26  Marauder, Marine x3  
  82  7:28  Marine  
  88  7:30  Marine  
  88  7:33  Siege Tank  
  88  7:34  Medivac  
  88  7:36  Viking  
  96  7:40  SCV x2  
  98  7:45  Armory  
  98  7:49  Engineering Bay  
  98  7:52  SCV  
  98  7:53  SCV  
  100  8:00  Marauder  
  100  8:04  Marine x2  
  100  8:05  Supply Depot  
  104  8:06  Siege Tank  
  104  8:12  Factory  
  107  8:22  Marauder, Marine  
  107  8:26  Marine x2  
  112  8:31  Command Center  
  90  8:43  Marine x2  
  90  8:44  Marauder, Marine x2  
  94  8:51  Marine  
  95  8:58  Siege Tank  
  95  9:01  Marine x2  
  95  9:02  Marauder  
  101  9:14  Marauder, Marine x2  
  103  9:30  Marauder, Marine x2  
  93  9:32  Marine x2  
  93  9:33  Siege Tank  
  93  9:34  Factory Tech Lab  
  93  9:35  Marine  
  100  9:38  SCV x2  
  101  9:48  Marine x2  
  101  9:50  SCV, Marine  
  101  9:52  Marauder  
  101  9:54  Marauder  
  103  10:03  Marine  
  103  10:05  Marine  
  103  10:06  Siege Tank, Marine  
  109  10:13  Marauder, Marine  
  112  10:15  Marauder  
  112  10:20  Missile Turret, Marine  
  112  10:23  Marine x2  
  110  10:31  Marine  
  110  10:34  Marauder  
  98  10:36  Marauder  
  98  10:38  Marine  
  98  10:41  Marine x2  
Tags
 
Add a new tag
Caveats
  • Supply blocks, unpowered buildings, or Contaminate may cause inaccurate times.
  • Supply counts are checked every 10 seconds.